 Dungeon Crawl Stone Soup version 0.22.1 (webtiles) character file.

5681 Folque the Conjurer (level 10, -1/63 HPs)
             Began as an Octopode Wizard on Sept 18, 2018.
             Was a Priest of Sif Muna.
             Slain by a killer bee (9 damage)
             ... on level 9 of the Dungeon.
             The game lasted 00:48:38 (9032 turns).

Folque the Conjurer (Octopode Wizard)               Turns: 9032, Time: 00:48:39

Health: -1/63      AC:  1    Str:  7    XL:     10   Next: 75%
Magic:  1/21       EV: 15    Int: 23    God:    Sif Muna [***...]
Gold:   354        SH:  0    Dex: 11    Spells: 3/24 levels left

rFire    . . .     SeeInvis .   h - +2 dagger (elec)
rCold    . . .     Gourm    .   (no shield)
rNeg     . . .     Faith    +   a - +0 hat
rPois    .         Spirit   .   t - amulet of faith
rElec    .         Reflect  .   (no ring)
rCorr    .         Harm     .   (no ring)
MR       .....                  (no ring)
Stlth    ++++......             (no ring)
HPRegen  0.20/turn              (no ring)
MPRegen  0.17/turn              (no ring)
                                (no ring)
                                (no ring)

@: lethally poisoned (-1 -> -16)
A: almost no armour, stealthy swim, amphibious, 8 rings, constrict 8, camouflage
1, gelatinous body 1
a: Divine Energy, Channel Magic, Renounce Religion


You were on level 9 of the Dungeon.
You worshipped Sif Muna.
Sif Muna was most pleased with you.
You were hungry.

You visited 2 branches of the dungeon, and saw 10 of its levels.

You collected 354 gold pieces.

Inventory:

Hand Weapons
 e - a +0 dagger
 h - a +2 dagger of electrocution (weapon)
 m - a +0 halberd
 u - a +0 long sword
 I - a +2 broad axe of venom
Missiles
 k - 8 javelins (quivered)
Armour
 a - a +0 hat (worn)
Jewellery
 t - an amulet of faith (around mantle)
 C - an uncursed ring of protection from fire {unknown}
 J - a ring "Belar" {+Fly rElec rN++ Str-2 Int+3, unknown}
   (You found it on level 7 of the Dungeon)

   [ring of intelligence]

   It affects your strength (-2).
   It affects your intelligence (+3).
   It insulates you from electricity.
   It greatly protects you from negative energy.
   It lets you fly.
Wands
 q - a wand of paralysis (32)
 B - a wand of flame (32)
 F - a wand of clouds (9)
 G - a wand of random effects (16)
Scrolls
 d - 5 scrolls of teleportation
 j - 2 scrolls of amnesia {unknown}
 l - 2 scrolls of blinking {unknown}
 n - a scroll of noise {unknown}
 p - a scroll of enchant armour {unknown}
 s - a scroll of enchant weapon {unknown}
 v - 6 scrolls of identify
 w - 3 scrolls of remove curse {unknown}
 y - a scroll of fog {unknown}
 A - a scroll of magic mapping {unknown}
 D - a scroll of fear
 E - a scroll of immolation {unknown}
 K - a scroll of vulnerability {unknown}
Potions
 b - a potion of ambrosia {unknown}
 f - a potion of berserk rage {unknown}
 g - 4 potions of lignification
 i - 3 potions of curing
 o - 4 potions of heal wounds
 r - a potion of might {unknown}
 x - a potion of haste {unknown}
 z - a potion of flight {unknown}
 H - 2 potions of brilliance {unknown}
Comestibles
 c - 12 rations


   Skills:
 - Level 4.1 Fighting
 - Level 1.2 Short Blades
 - Level 3.2 Throwing
 - Level 5.1 Dodging
 - Level 7.2 Stealth
 + Level 7.5 Spellcasting
 - Level 7.5 Conjurations
 - Level 2.3 Summonings
 + Level 1.4 Necromancy
 - Level 1.0 Translocations
 * Level 2.7 Fire Magic
 - Level 1.5 Air Magic
 - Level 2.0 Poison Magic
 + Level 5.9 Invocations


You had 3 spell levels left.
You knew the following spells:

 Your Spells              Type           Power        Failure   Level  Hunger
a - Magic Dart            Conj           ####         1%          1    None
b - Call Imp              Summ           ###.....     4%          2    None
c - Blink                 Tloc           N/A          8%          2    None
d - Mephitic Cloud        Conj/Pois/Air  ####....     4%          3    None
e - Conjure Flame         Conj/Fire      ####....     2%          3    None
f - Slow                  Hex            #.......     11%         2    None
g - Regeneration          Chrm/Necr      ##........   16%         3    None
h - Fireball              Conj/Fire      ####......   24%         5    #####..

Your spell library contained the following spells:

 Spells                   Type           Power        Failure   Level  Hunger
 Flame Tongue             Conj/Fire      ####.        1%          1    None
 Throw Flame              Conj/Fire      ####..       1%          2    None
 Animate Skeleton         Necr           N/A          4%          1    None
 Pain                     Necr           ###.         4%          1    None
 Dazzling Spray           Conj/Hex       ####..       4%          3    None
 Poisonous Vapours        Pois/Air       ###...       5%          2    None
 Corona                   Hex            #......      8%          1    None
 Ensorcelled Hibernation  Hex/Ice        #.....       11%         2    None
 Vampiric Draining        Necr           ###.......   12%         3    None
 Inner Flame              Hex/Fire       ##......     13%         3    None
 Confuse                  Hex            #.......     22%         3    None
 Tukima's Dance           Hex            #.......     22%         3    None
 Sticky Flame             Conj/Fire      ####....     9%          4    ###....
 Animate Dead             Necr           N/A          38%         4    ###....
 Freezing Cloud           Conj/Ice/Air   ###.......   97%         6    ######.
 Ring of Flames           Chrm/Fire      ##........   100%        7    #######


Dungeon Overview and Level Annotations

Branches:
Dungeon (9/15)             Temple (1/1) D:6            Lair (0/6) D:9
    Orc: D:9-12

Altars:
Ashenzari
Cheibriados
Dithmenos
Kikubaaqudgha
Makhleb
Nemelex Xobeh
Okawaru
Ru
Sif Muna
Uskayaw
Vehumet
Wu Jian
Yredelemnul
Zin
Beogh

Shops:
D:4 }[[   D:7 :

Annotations:
D:7 Menkaure


Innate Abilities, Weirdness & Mutations

You cannot wear most types of armour.
You are very stealthy in the water. (Stealth+)
You are amphibious.
You can wear up to eight rings at the same time.
You can use your tentacles to constrict eight enemies at once.
Your skin changes colour to match your surroundings (Stealth+).
Your rubbery body absorbs attacks. (AC +1, EV +1)


Message History

Casting: Mephitic Cloud (safe; 4% risk of failure)
Confirm with . or Enter, or press ? or * to list all spells.
You miscast Blink.
Sif Muna protects you from the effects of your miscast!
The killer bee stings you!
You are poisoned.
The killer bee poisons you! The killer bee stings you.
You are more poisoned.
The killer bee poisons you!
Casting: Blink (safe; 8% risk of failure)
Confirm with . or Enter, or press ? or * to list all spells.
You blink.
You feel sick. The killer bee misses you. The killer bee stings you.
* * * LOW HITPOINT WARNING * * *
Casting: Blink (safe; 8% risk of failure)
Confirm with . or Enter, or press ? or * to list all spells.
You blink.
You feel sick. The killer bee stings you!
* * * LOW HITPOINT WARNING * * *
You are more poisoned.
The killer bee poisons you! The killer bee stings you!
You die...

.. #.# #.. ########## #.#
#........# #.# #####..#.#.#.##
...# #.# ##§.......y....#
...#(#####.#####@###.#.#.#.#..#
...#...........)y# #....).....#
... ######.#####§# #.†.#.#.#..#
....# ##...## ##...##........#
..#.#.##.....# ##.###..##.#..#
......###).)## #.# #........#
#.# ##.## # # #.###.#### #.#
#)# ... ..# #†# # #.# ##.##yy#


You could see a killer bee.

Vanquished Creatures
  A two-headed ogre (D:8)
  A troll (D:9)
  Prince Ribbit (D:7)
  Grinder (D:6)
  A hippogriff (D:9)
  Sigmund (D:4)
  A hungry ghost (D:7)
  An ice beast (D:7)
  A porcupine (D:9)
  2 orc warriors
  A sky beast (D:8)
  5 ogres
  2 black bears
  2 phantoms
  An eye of draining (D:9)
  4 centaurs
  6 bullfrogs
  A gnoll sergeant (D:9)
  A scorpion (D:9)
  A water moccasin skeleton (D:7)
  8 killer bees
  3 wights (D:9)
  4 howler monkeys (D:7)
  6 crimson imps
  6 orc priests
  4 hounds
  A jelly (D:4)
  2 iguanas
  4 orc wizards
  5 worker ants
  A worker ant zombie (D:6)
  9 gnolls
  5 adders
  A shadow imp (D:8)
  2 oozes (D:2)
  2 adder skeletons
  2 worms
  4 dart slugs
  5 leopard geckos
  13 orcs
  2 ball pythons
  4 giant cockroaches
  7 hobgoblins
  12 jackals
  2 quokkas
  9 bats
  A frilled lizard (D:1)
  2 gnoll zombies (D:7)
  12 goblins
  10 kobolds
  A quokka zombie (D:9)
  17 rats
201 creatures vanquished.

Vanquished Creatures (collateral kills)
  An orc warrior (D:7)
  A black bear (D:9)
  A killer bee (D:7)
  A hound (D:8)
  A gnoll (D:2)
  5 adders
  A worm (D:3)
  2 orcs (D:6)
  A giant cockroach (D:1)
  2 kobolds (D:1)
  A rat (D:2)
17 creatures vanquished.

Vanquished Creatures (others)
  A killer bee (D:7)
  A plant (D:9)
2 creatures vanquished.

Grand Total: 220 creatures vanquished

Notes
Turn   | Place    | Note
-------+----------+-------------------------------------------
     0 | D:1      | Folque the Octopode Wizard began the quest for the Orb.
     0 | D:1      | Reached XP level 1. HP: 11/11 MP: 4/4
   383 | D:1      | Reached skill level 1 in Fighting
   383 | D:1      | Reached XP level 2. HP: 13/18 MP: 6/6
   387 | D:1      | Learned a level 2 spell: Call Imp
   390 | D:1      | Learned a level 2 spell: Blink
   825 | D:1      | Reached XP level 3. HP: 24/24 MP: 7/7
   831 | D:1      | Learned a level 3 spell: Mephitic Cloud
  1751 | D:2      | Reached skill level 1 in Poison Magic
  1812 | D:2      | Reached XP level 4. HP: 25/29 MP: 9/9
  1838 | D:2      | Reached skill level 1 in Air Magic
  2548 | D:3      | Reached XP level 5. HP: 30/34 MP: 7/10
  3140 | D:3      | Found a shattered altar of Ashenzari.
  3141 | D:3      | Found a hide-covered altar of Uskayaw.
  3423 | D:4      | Learned a level 3 spell: Conjure Flame
  3425 | D:4      | Found Malef's Armour Boutique.
  3436 | D:4      | Found Meomuor's Gadget Boutique.
  3479 | D:4      | Noticed Sigmund
  3493 | D:4      | Killed Sigmund
  3493 | D:4      | Reached skill level 1 in Fire Magic
  3493 | D:4      | Reached XP level 6. HP: 36/39 MP: 8/12
  3529 | D:4      | Found Viap's Antique Armour Emporium.
  3683 | D:4      | Found an ornate altar of the Wu Jian Council.
  3684 | D:4      | Found a sacrificial altar of Ru.
  3688 | D:4      | Found a sparkling altar of Nemelex Xobeh.
  3691 | D:4      | Found a snail-covered altar of Cheibriados.
  3743 | D:4      | Reached skill level 1 in Throwing
  3743 | D:4      | Reached skill level 5 in Stealth
  3743 | D:4      | Reached XP level 7. HP: 45/45 MP: 7/13
  3798 | D:5      | Entered Level 5 of the Dungeon
  3966 | D:5      | Found a radiant altar of Vehumet.
  3967 | D:5      | Found a burning altar of Makhleb.
  4130 | D:5      | Reached XP level 8. HP: 40/51 MP: 3/14
  4287 | D:5      | Reached skill level 5 in Conjurations
  4697 | D:6      | Reached skill level 1 in Short Blades
  4798 | D:6      | Found a staircase to the Ecumenical Temple.
  4803 | Temple   | Entered the Ecumenical Temple
  4851 | Temple   | Became a worshipper of Sif Muna the Loreminder
  4953 | D:6      | Noticed Grinder
  5033 | D:6      | Paralysed by Grinder for 4 turns
  5039 | D:6      | Killed Grinder
  5668 | D:7      | Reached XP level 9. HP: 53/58 MP: 11/15
  5684 | D:7      | Reached skill level 1 in Invocations
  5808 | D:7      | Reached skill level 5 in Dodging
  5853 | D:7      | Got a fine steel ring
  5925 | D:7      | Noticed Prince Ribbit
  5928 | D:7      | Found Utzoz's Book Shoppe.
  6085 | D:7      | Killed Prince Ribbit
  6085 | D:7      | Reached * piety under Sif Muna
  6204 | D:7      | Found a basalt altar of Yredelemnul.
  6312 | D:7      | Noticed Menkaure
  6394 | D:7      | Reached skill level 5 in Spellcasting
  6413 | D:7      | Learned a level 2 spell: Slow
  6660 | D:7      | Found a shadowy altar of Dithmenos.
  6830 | D:8      | Noticed a two-headed ogre
  6863 | D:7      | Reached ** piety under Sif Muna
  7286 | D:8      | Found a roughly hewn altar of Beogh.
  7314 | D:8      | Reached XP level 10. HP: 39/63 MP: 7/19
  7910 | D:8      | Killed a two-headed ogre
  7910 | D:8      | Reached skill level 5 in Invocations
  7983 | D:8      | Found a glowing silver altar of Zin.
  8430 | D:9      | Reached *** piety under Sif Muna
  8576 | D:9      | Found a staircase to the Lair.
  8587 | D:9      | Learned a level 3 spell: Regeneration
  8593 | D:9      | Learned a level 5 spell: Fireball
  8747 | D:9      | Reached skill level 1 in Necromancy
  9032 | D:9      | Slain by a killer bee

Skill      XL: |  1  2  3  4  5  6  7  8  9 10 |
---------------+-------------------------------+-----
Fighting       | 1 2 4 |  4.1
Conjurations   | 2 3 4 6 7 |  7.5
Poison Magic   | 1 2 |  2.0
Air Magic      | 1 |  1.5
Stealth        | 4 5 6 7 |  7.2
Spellcasting   | 4 6 7 |  7.5
Fire Magic     | 1 2 |  2.7
Throwing       | 1 2 3 |  3.2
Dodging        | 3 4 5 |  5.1
Short Blades   | 1 |  1.2
Invocations    | 4 5 |  5.9
Summonings     | 2 |  2.3
Necromancy     | 1 |  1.4
Translocations | |  1.0

Action                   |  1- 3 |  4- 6 |  7- 9 | 10-12 || total
-------------------------+-------+-------+-------+-------++-------
Melee: Dagger            |    83 |   103 |   185 |    92 ||   463
       Club              |     5 |       |       |       ||     5
       Constrict         |    23 |    20 |    33 |    17 ||    93
       Tentacles         |     7 |     7 |    21 |    13 ||    48
       Unarmed           |     2 |       |       |       ||     2
       Halberd           |       |       |     8 |    17 ||    25
Throw: Javelin           |       |       |       |     8 ||     8
 Cast: Magic Dart        |    14 |       |    66 |    18 ||    98
       Call Imp          |     2 |     6 |    10 |     1 ||    19
       Mephitic Cloud    |       |     3 |    23 |    17 ||    43
       Blink             |       |     2 |    14 |    17 ||    33
       Conjure Flame     |       |       |     8 |     7 ||    15
       Fireball          |       |       |       |     5 ||     5
       Regeneration      |       |       |       |     1 ||     1
Invok: Divine Energy     |       |       |     1 |       ||     1
       Stop Divine Energ |       |       |       |     1 ||     1
Evoke: Wand              |       |       |     6 |       ||     6
  Use: Scroll            |     1 |     5 |     1 |       ||     7
       Potion            |     1 |       |     2 |       ||     3
 Stab: Sleeping          |    10 |     9 |    19 |     7 ||    45
       Confused          |       |     2 |     5 |     4 ||    11
       Distracted        |       |       |     1 |       ||     1
  Eat: Chunk             |     3 |     6 |    14 |     6 ||    29
Armor: Skin              |     4 |     8 |     4 |     2 ||    18
Dodge: Dodged            |    40 |    59 |    98 |    52 ||   249
